PIO (24 & UNDER)
COLORADO COMMANDERS @ SALEM SLEDGEHAMMERS
06/02/2025
 
TOP OF THE 1ST
Colorado Commanders batting - Pitching for Salem Sledgehammers : RHP Carlos Morán
Pitching: RHP Carlos Morán
Batting: SHB Pancho Vásquez 0-0: Called Strike
0-1: Ball
1-1: Ball
2-1: Called Strike
2-2: Ground out 4-3 (Groundball, 34)
Batting: LHB Gary Kern 0-0: Ball
1-0: Ball
2-0: Fly out, F9 (Flyball, 89M)
Batting: RHB Lee Price 0-0: Ball
1-0: Called Strike
1-1: Swinging Strike
1-2: Strikes out swinging
Top of the 1st over - 0 run(s), 0 hit(s), 0 error(s), 0 left on base; Colorado 0 - Salem 0
BOTTOM OF THE 1ST
Salem Sledgehammers batting - Pitching for Colorado Commanders : RHP Kel Rosewarne
Pitching: RHP Kel Rosewarne
Batting: LHB José Sánchez 0-0: Ball
1-0: Called Strike
1-1: Foul Ball, location: 2F
1-2: Foul Ball, location: 2F
1-2: Ball
2-2: Ball
3-2: Base on Balls
Batting: RHB Dave Boom 0-0: Ball
José Sánchez steals 2nd base
1-0: Called Strike
1-1: Ball
2-1: Ball
3-1: Base on Balls
Batting: LHB José Rivera 0-0: Fly out, F9 (Line Drive, 89M)
Batting: LHB Nathan Frey 0-0: Ball
1-0: Called Strike
José Sánchez is caught stealing 3rd base
Dave Boom to second
1-1: Called Strike
1-2: Ball
2-2: Strikes out swinging
Bottom of the 1st over - 0 run(s), 0 hit(s), 0 error(s), 1 left on base; Colorado 0 - Salem 0
TOP OF THE 2ND
Colorado Commanders batting - Pitching for Salem Sledgehammers : RHP Carlos Morán
Batting: LHB David Hernández 0-0: SINGLE (Groundball, 4M)
Batting: RHB Joe Haley 0-0: Ball
David Hernández steals 2nd base
1-0: Swinging Strike
1-1: Foul Ball, location: 2F
1-2: Strikes out swinging
Batting: RHB Ray Ervin 0-0: Ball
1-0: Called Strike
1-1: Ball
2-1: Swinging Strike
2-2: Strikes out swinging
Batting: LHB Michael Barrett 0-0: Called Strike
0-1: Foul Ball, location: 2F
0-2: Foul Ball, location: 2F
0-2: Foul Ball, location: 2F
0-2: SINGLE (Line Drive, 89S)
David Hernández to third
Runner from 3rd tries for Home, SAFE, no throw or cutoff
Batting: SHB Scott Compton 0-0: Foul Ball, location: 2F
0-1: Ball
1-1: Ball
2-1: Ball
3-1: Fly out, F9 (Flyball, 89S)
Top of the 2nd over - 1 run(s), 2 hit(s), 0 error(s), 1 left on base; Colorado 1 - Salem 0
BOTTOM OF THE 2ND
Salem Sledgehammers batting - Pitching for Colorado Commanders : RHP Kel Rosewarne
Batting: LHB Juan Aguilar 0-0: Called Strike
0-1: Swinging Strike
0-2: SINGLE (Line Drive, 8LS)
Batting: RHB Gilberto Silva 0-0: Ball
1-0: Ground out 5-3 (Groundball, 56S)
Juan Aguilar to second
Batting: RHB Glenn Broadwater 0-0: Swinging Strike
0-1: Foul Ball, location: 2F
0-2: Strikes out swinging
Batting: LHB Caleb Hall 0-0: Ball
1-0: Ball
2-0: Ball
3-0: Base on Balls
Batting: RHB José Vidal 0-0: Called Strike
0-1: Swinging Strike
0-2: Strikes out swinging
Bottom of the 2nd over - 0 run(s), 1 hit(s), 0 error(s), 2 left on base; Colorado 1 - Salem 0
TOP OF THE 3RD
Colorado Commanders batting - Pitching for Salem Sledgehammers : RHP Carlos Morán
Batting: RHB Mike Martin 0-0: Called Strike
0-1: Called Strike
0-2: Ball
1-2: Ball
2-2: Foul Ball, location: 2F
2-2: Strikes out looking
Batting: SHB Pancho Vásquez 0-0: Ball
1-0: Ball
2-0: Called Strike
2-1: Ball
3-1: Foul Ball, location: 2F
3-2: Base on Balls
Batting: LHB Gary Kern 0-0: Ball
1-0: Called Strike
1-1: Ball
2-1: Swinging Strike
2-2: Strikes out swinging
Batting: RHB Lee Price 0-0: Ground out 5-3 (Groundball, 5)
Top of the 3rd over - 0 run(s), 0 hit(s), 0 error(s), 1 left on base; Colorado 1 - Salem 0
BOTTOM OF THE 3RD
Salem Sledgehammers batting - Pitching for Colorado Commanders : RHP Kel Rosewarne
Batting: LHB José Sánchez 0-0: SINGLE (Line Drive, 78M)
Batting: RHB Dave Boom 0-0: Ball
1-0: Ball
2-0: Called Strike
José Sánchez is caught stealing 2nd base
2-1: Swinging Strike
2-2: Foul Ball, location: 2F
2-2: Fly out, F8 (Flyball, 8LM)
Batting: LHB José Rivera 0-0: Called Strike
0-1: Ball
1-1: Ball
2-1: Swinging Strike
2-2: Foul Ball, location: 2F
2-2: Foul Ball, location: 2F
2-2: Ball
3-2: DOUBLE (Groundball, 3L)
Batting: LHB Nathan Frey 0-0: Ball
1-0: Swinging Strike
1-1: Ball
2-1: Ball
3-1: Swinging Strike
3-2: Foul Ball, location: 2F
3-2: Foul Ball, location: 2F
3-2: DOUBLE (Flyball, 89XD)
José Rivera scores
Batting: LHB Juan Aguilar 0-0: Foul Ball, location: 2F
0-1: Ball
1-1: Ball
Wild Pitch!
Nathan Frey to third
2-1: Foul Ball, location: 2F
2-2: Ground out 6-3 (Groundball, 6M)
Bottom of the 3rd over - 1 run(s), 3 hit(s), 0 error(s), 1 left on base; Colorado 1 - Salem 1
TOP OF THE 4TH
Colorado Commanders batting - Pitching for Salem Sledgehammers : RHP Carlos Morán
Batting: LHB David Hernández 0-0: Ball
1-0: Fly out, F9 (Flyball, 89XD)
Batting: RHB Joe Haley 0-0: Called Strike
0-1: Foul Ball, location: 2F
0-2: Ball
1-2: Foul Ball, location: 2F
1-2: Fly out, F6 (Line Drive, 6)
Batting: RHB Ray Ervin 0-0: Called Strike
0-1: SOLO HOME RUN (Flyball, 8LXD), Distance : 435 ft
Batting: LHB Michael Barrett 0-0: Swinging Strike
0-1: Called Strike
0-2: Foul Ball, location: 2F
0-2: Strikes out swinging
Top of the 4th over - 1 run(s), 1 hit(s), 0 error(s), 0 left on base; Colorado 2 - Salem 1
BOTTOM OF THE 4TH
Salem Sledgehammers batting - Pitching for Colorado Commanders : RHP Kel Rosewarne
Batting: RHB Gilberto Silva 0-0: Called Strike
0-1: Ball
1-1: Ball
2-1: DOUBLE (Line Drive, 7LD)
Batting: RHB Glenn Broadwater 0-0: Ball
1-0: Ball
Single, Error in OF, E7, batter to second base
Gilberto Silva scores
Batting: LHB Caleb Hall 0-0: Ball
1-0: Ground out U3 (Groundball, 3S)
Glenn Broadwater to third
Batting: RHB José Vidal 0-0: Called Strike
0-1: Ball
1-1: Called Strike
1-2: Ball
2-2: Ball
3-2: Foul Ball, location: 2F
3-2: Fly out, F7 (Line Drive, 7M)
Runner from 3rd tags up, SCORES, throw made
Now in LF: Richard Pendergast
Batting: LHB José Sánchez 0-0: Ball
1-0: Called Strike
1-1: Swinging Strike
1-2: Ball
2-2: Strikes out swinging
Bottom of the 4th over - 2 run(s), 2 hit(s), 1 error(s), 0 left on base; Colorado 2 - Salem 3
TOP OF THE 5TH
Colorado Commanders batting - Pitching for Salem Sledgehammers : RHP Carlos Morán
Batting: SHB Scott Compton 0-0: Foul Ball, location: 2F
0-1: Called Strike
0-2: Strikes out swinging
Batting: RHB Mike Martin 0-0: Called Strike
0-1: Ball
1-1: Foul Ball, location: 2F
1-2: Ball
2-2: Fly out, F4 (Popup, 4MD)
Batting: SHB Pancho Vásquez 0-0: Ground out 4-3 (Groundball, 4)
Top of the 5th over - 0 run(s), 0 hit(s), 0 error(s), 0 left on base; Colorado 2 - Salem 3
BOTTOM OF THE 5TH
Salem Sledgehammers batting - Pitching for Colorado Commanders : RHP Kel Rosewarne
Batting: RHB Dave Boom 0-0: Ball
1-0: Ball
2-0: Swinging Strike
2-1: Foul Ball, location: 2F
2-2: Ground out 1-3 (Groundball, 13)
Pitching: RHP Eddie Huber
Batting: LHB José Rivera 0-0: Called Strike
0-1: Called Strike
0-2: Ball
1-2: Ball
2-2: Strikes out swinging
Batting: LHB Nathan Frey 0-0: Ball
1-0: Ball
2-0: Ball
3-0: Called Strike
3-1: Foul Ball, location: 2F
3-2: Fly out, F7 (Flyball, 7M)
Bottom of the 5th over - 0 run(s), 0 hit(s), 0 error(s), 0 left on base; Colorado 2 - Salem 3
TOP OF THE 6TH
Colorado Commanders batting - Pitching for Salem Sledgehammers : RHP Carlos Morán
Batting: LHB Gary Kern 0-0: Swinging Strike
0-1: Fly out, F7 (Flyball, 7LM)
Batting: RHB Lee Price 0-0: Called Strike
0-1: Swinging Strike
0-2: Ball
1-2: Ball
2-2: Strikes out swinging
Batting: LHB David Hernández 0-0: Foul Ball, location: 2F
0-1: SINGLE (Groundball, 3D)
Batting: RHB Joe Haley 0-0: Ball
1-0: Called Strike
1-1: Swinging Strike
1-2: Strikes out swinging
Top of the 6th over - 0 run(s), 1 hit(s), 0 error(s), 1 left on base; Colorado 2 - Salem 3
BOTTOM OF THE 6TH
Salem Sledgehammers batting - Pitching for Colorado Commanders : RHP Eddie Huber
Batting: LHB Juan Aguilar 0-0: Ball
1-0: Ground out 4-3 (Groundball, 4)
Batting: RHB Gilberto Silva 0-0: Ball
1-0: SINGLE (Groundball, 56D)
Batting: RHB Glenn Broadwater 0-0: Ball
1-0: Ball
2-0: Called Strike
2-1: Called Strike
2-2: Strikes out swinging
Batting: LHB Caleb Hall 0-0: Ball
1-0: Ground out 3-1 (Groundball, 34)
Bottom of the 6th over - 0 run(s), 1 hit(s), 0 error(s), 1 left on base; Colorado 2 - Salem 3
TOP OF THE 7TH
Colorado Commanders batting - Pitching for Salem Sledgehammers : RHP Carlos Morán
Pitching: RHP Joe Shoemaker
Now at SS: Miguel González
Now in RF: Bartolo Ruíz
Batting: RHB Richard Pendergast 0-0: Ground out 6-3 (Groundball, 6)
Batting: LHB Michael Barrett 0-0: Called Strike
0-1: Ball
1-1: Fly out, F8 (Flyball, 8RM)
Batting: SHB Scott Compton 0-0: Foul Ball, location: 2F
0-1: Foul Ball, location: 2F
0-2: Ball
1-2: Ball
2-2: Ball
3-2: Ground out 3-1 (Groundball, 34)
Top of the 7th over - 0 run(s), 0 hit(s), 0 error(s), 0 left on base; Colorado 2 - Salem 3
BOTTOM OF THE 7TH
Salem Sledgehammers batting - Pitching for Colorado Commanders : RHP Eddie Huber
Batting: RHB José Vidal 0-0: Reached on error, E5 (Groundball, 5L)
Batting: LHB José Sánchez 0-0: Ball
José Vidal is caught stealing 2nd base
1-0: Called Strike
1-1: Ball
2-1: DOUBLE (Line Drive, 78M)
Pitching: RHP Sixto García
Batting: RHB Dave Boom 0-0: Called Strike
0-1: Ball
1-1: Fly out, F4 (Popup, 34D)
Batting: LHB José Rivera 0-0: Ball
1-0: Foul Ball, location: 2F
1-1: Swinging Strike
1-2: Fly out, F9 (Flyball, 89S)
Bottom of the 7th over - 0 run(s), 1 hit(s), 1 error(s), 1 left on base; Colorado 2 - Salem 3
TOP OF THE 8TH
Colorado Commanders batting - Pitching for Salem Sledgehammers : RHP Joe Shoemaker
Now at 1B: Patrick Daniels
Batting: RHB Mike Martin 0-0: Swinging Strike
0-1: Hit by Pitch
Batting: SHB Pancho Vásquez 0-0: Ball
1-0: Fly out, F8 (Flyball, 8RM)
Pitching: LHP Allen Purss
Pinch Runner at 1st Rafael López:
Pinch Hitting: RHB Tim Adkins 0-0: Called Strike
0-1: Ball
1-1: Called Strike
1-2: Foul Ball, location: 2F
1-2: Ball
2-2: Strikes out swinging
Pitching: RHP Isaac Pope
Batting: RHB Lee Price 0-0: Ball
1-0: Ball
2-0: Foul Ball, location: 2F
2-1: Foul Ball, location: 2F
2-2: Strikes out swinging
Top of the 8th over - 0 run(s), 0 hit(s), 0 error(s), 1 left on base; Colorado 2 - Salem 3
BOTTOM OF THE 8TH
Salem Sledgehammers batting - Pitching for Colorado Commanders : RHP Sixto García
Now at 1B: Tim Adkins
Now at SS: Earnest Turner
Batting: LHB Nathan Frey 0-0: Called Strike
0-1: Foul Ball, location: 2F
0-2: Ball
1-2: Foul Ball, location: 2F
1-2: Foul Ball, location: 2F
1-2: Foul Ball, location: 2F
1-2: Hit by Pitch
Pinch Hitting: RHB Luis Bustamante 0-0: Ball
1-0: Swinging Strike
1-1: Ball
2-1: Foul Ball, location: 2F
2-2: 2-RUN HOME RUN (Flyball, 7D), Distance : 404 ft
Pitching: RHP Tomás Rodríguez
Batting: RHB Gilberto Silva 0-0: SINGLE (Line Drive, 4D)
Batting: RHB Glenn Broadwater 0-0: Called Strike
0-1: Called Strike
Gilberto Silva steals 2nd base
0-2: Ball
1-2: Ball
2-2: Ball
3-2: Intentional Walk
Batting: RHB Miguel González 0-0: Ball
1-0: Bunted foul
1-1: Ball
2-1: Bunted foul
2-2: Foul Ball, location: 2F
2-2: Strikes out swinging
Batting: RHB José Vidal 0-0: Ball
Gilberto Silva steals 3rd base
Glenn Broadwater to second
1-0: Ball
2-0: Ball
3-0: Called Strike
3-1: Base on Balls
Batting: LHB José Sánchez 0-0: Ball
1-0: Called Strike
1-1: Fly out, F5 (Line Drive, 5S)
Batting: RHB Dave Boom 0-0: Fly out, F8 (Flyball, 8LM)
Bottom of the 8th over - 2 run(s), 2 hit(s), 0 error(s), 3 left on base; Colorado 2 - Salem 5
TOP OF THE 9TH
Colorado Commanders batting - Pitching for Salem Sledgehammers : RHP Isaac Pope
Pitching: LHP Nick Johnson
Now in RF: Robert Stevens
Batting: LHB David Hernández 0-0: Called Strike
0-1: SINGLE (Line Drive, 6D)
Batting: RHB Joe Haley 0-0: Swinging Strike
0-1: Called Strike
0-2: SINGLE (Line Drive, 6MD)
David Hernández to second
Pinch Hitting: RHB José Aranda 0-0: Called Strike
0-1: SINGLE (Line Drive, 4D)
David Hernández to third
Joe Haley to second
Runner from 3rd tries for Home, SAFE, no throw or cutoff
Batting: LHB Michael Barrett 0-0: Ball
1-0: Foul Ball, location: 2F
1-1: Ball
2-1: Foul Ball, location: 2F
2-2: SINGLE (Line Drive, 78M)
Joe Haley to third
José Aranda to second
Batting: SHB Scott Compton 0-0: Foul Ball, location: 2F
0-1: Foul Ball, location: 2F
0-2: Strikes out swinging
Batting: RHB Earnest Turner 0-0: Ball
1-0: Called Strike
1-1: SINGLE (Line Drive, 89S)
Joe Haley scores
José Aranda to third
Michael Barrett to second
Runner from 3rd tries for Home, SAFE, throw made home
Michael Barrett to third
Earnest Turner to second
Pitching: RHP Russell Harris
Pinch Hitting: LHB Juan Torres 0-0: Ball
1-0: Ground out 5-3 (Groundball, 5L)
Batting: RHB Tim Adkins 0-0: Swinging Strike
0-1: Ball
1-1: Ground out 3-1 (Groundball, 34)
Top of the 9th over - 3 run(s), 5 hit(s), 0 error(s), 2 left on base; Colorado 5 - Salem 5
BOTTOM OF THE 9TH
Salem Sledgehammers batting - Pitching for Colorado Commanders : RHP Tomás Rodríguez
Pitching: RHP Manuel Zarate
Now in LF: Juan Torres
Now in CF: José Aranda
Batting: RHB Patrick Daniels 0-0: Ball
1-0: Called Strike
1-1: Foul Ball, location: 2F
1-2: Strikes out looking
Batting: LHB Nathan Frey 0-0: Foul Ball, location: 2F
0-1: Called Strike
0-2: Ball
1-2: Strikes out looking
Batting: RHB Robert Stevens 0-0: Swinging Strike
0-1: Ground out 5-3 (Groundball, 56)
Bottom of the 9th over - 0 run(s), 0 hit(s), 0 error(s), 0 left on base; Colorado 5 - Salem 5
TOP OF THE 10TH
Colorado Commanders batting - Pitching for Salem Sledgehammers : RHP Russell Harris
Batting: RHB Lee Price 0-0: Called Strike
0-1: Called Strike
0-2: Foul Ball, location: 2F
0-2: Fly out, F7 (Flyball, 7S)
Batting: LHB David Hernández 0-0: Ball
1-0: Swinging Strike
1-1: Called Strike
1-2: Strikes out swinging
Batting: RHB Joe Haley 0-0: Called Strike
0-1: Swinging Strike
0-2: Ball
1-2: SINGLE (Groundball, 25) (infield hit)
Pinch Runner at 1st Theodore Cook:
Batting: RHB José Aranda 0-0: Ball
1-0: Ball
2-0: Ball
3-0: Called Strike
3-1: SINGLE (Line Drive, 9LS)
Theodore Cook to second
Batting: LHB Michael Barrett 0-0: Fly out, F8 (Flyball, 8LM)
Top of the 10th over - 0 run(s), 2 hit(s), 0 error(s), 2 left on base; Colorado 5 - Salem 5
BOTTOM OF THE 10TH
Salem Sledgehammers batting - Pitching for Colorado Commanders : RHP Manuel Zarate
Now in CF: Theodore Cook
Batting: RHB Gilberto Silva 0-0: Ball
1-0: Ground out 6-3 (Groundball, 6)
Batting: RHB Glenn Broadwater 0-0: Swinging Strike
0-1: Foul Ball, location: 2F
0-2: Ball
1-2: Strikes out swinging
Batting: RHB Miguel González 0-0: Called Strike
0-1: Called Strike
0-2: Strikes out swinging
Bottom of the 10th over - 0 run(s), 0 hit(s), 0 error(s), 0 left on base; Colorado 5 - Salem 5
TOP OF THE 11TH
Colorado Commanders batting - Pitching for Salem Sledgehammers : RHP Russell Harris
Batting: SHB Scott Compton 0-0: Called Strike
0-1: Ball
1-1: Foul Ball, location: 2F
1-2: Strikes out swinging
Pinch Hitting: RHB Richard Wilkins 0-0: Foul Ball, location: 2F
0-1: Called Strike
0-2: Ball
1-2: Ball
2-2: Strikes out swinging
Batting: LHB Juan Torres 0-0: Called Strike
0-1: Ball
1-1: Foul Ball, location: 2F
1-2: SOLO HOME RUN (Line Drive, 89XD), Distance : 421 ft
Batting: RHB Tim Adkins 0-0: Ball
1-0: Called Strike
1-1: SOLO HOME RUN (Flyball, 78XD), Distance : 415 ft
Batting: RHB Lee Price 0-0: Foul Ball, location: 2F
0-1: Swinging Strike
0-2: Ball
1-2: Ball
2-2: Strikes out looking
Top of the 11th over - 2 run(s), 2 hit(s), 0 error(s), 0 left on base; Colorado 7 - Salem 5
BOTTOM OF THE 11TH
Salem Sledgehammers batting - Pitching for Colorado Commanders : RHP Manuel Zarate
Pitching: RHP Jeff Smith
Now at SS: Emiel van Rhee
Batting: RHB José Vidal 0-0: Foul Ball, location: 2F
0-1: Ball
1-1: Foul Ball, location: 2F
1-2: Ball
2-2: Foul Ball, location: 2F
2-2: Foul Ball, location: 2F
2-2: Ball
3-2: Strikes out swinging
Batting: LHB José Sánchez 0-0: Foul Ball, location: 2F
0-1: Foul Ball, location: 2F
0-2: Ball
1-2: Strikes out swinging
Batting: RHB Dave Boom 0-0: Ball
1-0: Ball
2-0: Ground out 1-3 (Groundball, 13)
Bottom of the 11th over - 0 run(s), 0 hit(s), 0 error(s), 0 left on base; Colorado 7 - Salem 5
This league is powered by Out of the Park Baseball, the baseball management simulation game for PC, Mac and Linux
Tuesday, August 2nd, 2016 - OOTP Baseball 16.8 Build 38